cohdb
Replays
Latest Replays
All Replays
Popular Replays
Top Player Replays
Match Explorer
How It Works
Community
CoH3 Stats
Reddit
Sign in to upload your games and track your stats! →
Sign in with Steam
Match 41532227
Unlisted
Match 41532227
Overview
Messages
Build Orders
End
Panzergrenadier Squad
Panzergrenadier Squad
250 Light Carrier
Construct Light Support Kompanie
Panzerjäger Squad
Selects Panzerjäger Kommand Battlegroup
Selects Tank Busters
Selects Mine Fields
Selects Tank Busters
Selects Mine Fields
Panzerjäger Mechanized Group
Combat Half-tracks
Fire Support Elements
Flakvierling Half-track
Selects Defensive Positions
Vehicle Survival Package
MG34 Team
le.IG 18 Mechanized Group
Construct Panzerarmee Kommand
Panzer III L Medium Tank
2.5-tonne Medical Truck
Selects Butterfly Bomb Drop
Butterfly Bomb Drop
Panzer III L Medium Tank
Walking Stuka Rocket Launcher
Panzerjäger Squad
Armored Reserves
カルト_くん
PhoneyMcRing
PapaZor
Virgile[FR]
0
0
Comments
sign in to comment!
No comments posted yet!